 Dungeon Crawl Stone Soup version 0.22.1-1-ga44c0e5 (webtiles) character file.

6613 brandon the Basher (level 10, -11/136 HPs)
             Began as a Minotaur Berserker on Oct 2, 2018.
             Was a High Priest of Trog.
             Mangled by a yak (14 damage)
             ... on level 9 of the Dungeon.
             The game lasted 00:14:58 (10007 turns).

brandon the Basher (Minotaur Berserker)            Turns: 10007, Time: 00:14:59

Health: -11/136    AC:  9    Str: 26    XL:     10   Next: 72%
Magic:  9/9        EV: 17    Int:  4    God:    Trog [*****.]
Gold:   699        SH:  0    Dex: 14    Spells: 9/9 levels left

rFire    . . .     SeeInvis .   b - +0 mace (crush)
rCold    . . .     Gourm    .   (no shield)
rNeg     . . .     Faith    .   i - +0 leather armour
rPois    .         Spirit   .   (helmet restricted)
rElec    .         Reflect  .   (no cloak)
rCorr    .         Harm     .   J - +1 pair of gloves
MR       .....                  f - +0 pair of boots
Stlth    ..........             y - amulet of rage
HPRegen  0.32/turn              G - +1 ring of protection
MPRegen  0.11/turn              E - ring of stealth

@: berserking (expiring), lethally poisoned (-11 -> -19), very quick
A: retaliatory headbutt, horns 2
a: Berserk, Trog's Hand, Brothers in Arms, Renounce Religion, Evoke Berserk Rage


You were on level 9 of the Dungeon.
You worshipped Trog.
Trog was extremely pleased with you.
You were near starving.

You visited 1 branch of the dungeon, and saw 9 of its levels.

You collected 699 gold pieces.

Inventory:

Hand Weapons
 b - a +0 mace of crushing (weapon)
Armour
 f - a +0 pair of boots (worn)
 i - a +0 leather armour (worn)
 J - a +1 pair of gloves (worn)
 N - a +0 troll leather armour
Jewellery
 r - an uncursed ring of protection from cold
 y - an amulet of rage (around neck)
 E - a ring of stealth (right hand)
 G - a +1 ring of protection (left hand)
 M - an uncursed ring of resist corrosion
Wands
 w - a wand of enslavement (12)
 A - a wand of flame (18)
 C - a wand of polymorph (14)
 F - a wand of random effects (21)
 I - a wand of iceblast (9)
Scrolls
 a - 3 scrolls of teleportation
 d - 2 scrolls of random uselessness
 g - 3 scrolls of noise {unknown}
 j - 2 scrolls of fog
 l - a scroll of immolation {unknown}
 n - a scroll of identify
 q - 2 scrolls of remove curse
 t - a scroll of magic mapping {unknown}
 u - a scroll of amnesia {unknown}
 v - 3 scrolls of enchant armour
 z - a scroll of enchant weapon {unknown}
 D - a scroll of silence {unknown}
Potions
 e - 2 potions of heal wounds {unknown}
 h - a potion of ambrosia {unknown}
 k - 2 potions of mutation
 m - 3 potions of degeneration
 o - 2 potions of might
 p - a potion of lignification {unknown}
 s - 2 potions of flight
 x - a potion of berserk rage {unknown}
 B - a potion of agility {unknown}
 H - 5 potions of curing
 K - a potion of invisibility {unknown}
Miscellaneous
 L - a lightning rod (4/4)
Comestibles
 c - 13 rations


   Skills:
 + Level 9.6 Fighting
   Level 4.4(8.9) Axes
 * Level 11.8(12.1) Maces & Flails
 + Level 9.0 Armour
 + Level 8.5 Dodging


You had 9 spell levels left.
You didn't know any spells.
Your spell library was empty.

Dungeon Overview and Level Annotations

Branches:
Dungeon (9/15)             Temple (0/1) D:5
   Lair: D:8-11         Orc: D:9-12

Altars:
Elyvilon
Fedhas
Hepliaklqana
Makhleb
Okawaru
Qazlal
Uskayaw
Vehumet
Wu Jian
The Shining One

Shops:
D:5 %


Innate Abilities, Weirdness & Mutations

You reflexively headbutt those who attack you in melee.
You have a pair of horns on your head.


Message History

You feel sick. The killer bee closely misses you. The yak gores you!
* * * LOW HITPOINT WARNING * * *
The yak gores you!
* * * LOW HITPOINT WARNING * * *
The killer bee closely misses you. You furiously retaliate!
You headbutt the killer bee!
You are too injured to fight recklessly!
You are too injured to fight recklessly!
You are too berserk!
You hit the yak. You headbutt the yak.
The yak is almost dead.
The killer bee barely misses you. You furiously retaliate!
You headbutt the killer bee. The yak barely misses you.
Unknown command.
You are too injured to fight recklessly!
You barely miss the yak.
The yak is almost dead.
* * * LOW HITPOINT WARNING * * *
You feel sick. The yak barely misses you. The yak gores you!
You die...

..#.............................#
..#...............(.............#
..#..............................
..#..........................####
..#####..########............#
......#..#......#............#
......#..#......####†#......##
...####.>#.....Y.Y...#......#
...#.....#.....Y@†...#......#
...#.....#.....y†....#......#####
...#.....#...........#..........#
...#.....#...........#..........#
...#.....#...........#..........#
####.....#...........#.#####....#
.........###.........#.#...#....#
...........#.........# #...#....#
...........# .#...#....#


You could see 3 yaks and a killer bee.

Vanquished Creatures
  A two-headed ogre (D:9)
  Pikel (D:6)
  2 trolls (D:9)
  Prince Ribbit (D:8)
  Sigmund (D:6)
  2 hippogriffs
  5 yaks (D:9)
  A sky beast (D:5)
  2 black bears
  6 ice beasts
  A necrophage (D:7)
  A slave (D:6)
  A phantom (D:8)
  An ogre (D:5)
  2 centaurs
  4 bullfrogs
  5 scorpions
  A water moccasin skeleton (D:4)
  5 killer bees (D:9)
  A howler monkey (D:4)
  4 wights (D:9)
  7 crimson imps
  2 bullfrog zombies
  A centaur zombie (D:8)
  8 hounds
  5 orc priests
  A bullfrog skeleton (D:8)
  A jelly (D:5)
  A centaur skeleton (D:8)
  4 iguanas
  3 orc wizards
  4 worker ants
  2 killer bee zombies (D:9)
  2 worker ant zombies (D:9)
  Robin (D:2)
  12 adders
  7 gnolls
  2 shadow imps
  An adder zombie (D:9)
  3 worms
  A dart slug (D:1)
  11 leopard geckos
  42 orcs
  2 ball pythons
  6 bats
  12 giant cockroaches
  18 goblins
  11 hobgoblins
  13 jackals
  A quokka (D:3)
  7 frilled lizards
  5 kobolds
  2 quokka skeletons
  A quokka zombie (D:8)
  6 rats
253 creatures vanquished.

Vanquished Creatures (others)
  A slave (D:6)
  A ball python (D:6)
  A quokka zombie (D:6)
3 creatures vanquished.

Grand Total: 256 creatures vanquished

Notes
Turn   | Place    | Note
-------+----------+-------------------------------------------
     0 | D:1      | brandon the Minotaur Berserker began the quest for the Orb.
     0 | D:1      | Reached XP level 1. HP: 19/19 MP: 0/0
   149 | D:1      | Reached XP level 2. HP: 21/27 MP: 1/1
  1012 | D:2      | Reached XP level 3. HP: 32/33 MP: 2/2
  1145 | D:2      | Noticed Robin
  1153 | D:2      | Reached ** piety under Trog
  1159 | D:2      | Killed Robin
  1355 | D:2      | Reached skill level 1 in Maces & Flails
  1355 | D:2      | Reached XP level 4. HP: 40/41 MP: 3/3
  1485 | D:2      | Found an iron altar of Okawaru.
  1847 | D:3      | Reached *** piety under Trog
  1891 | D:3      | Reached skill level 2 in Maces & Flails
  1964 | D:3      | Reached XP level 5. HP: 47/47 MP: 4/4
  2016 | D:3      | Found a blossoming altar of Fedhas.
  2283 | D:3      | Found a glowing golden altar of the Shining One.
  2283 | D:3      | Found a hide-covered altar of Uskayaw.
  2572 | D:4      | Reached skill level 3 in Maces & Flails
  3008 | D:4      | Reached skill level 5 in Fighting
  3018 | D:4      | Reached XP level 6. HP: 48/56 MP: 5/5
  3037 | D:4      | Reached **** piety under Trog
  3469 | D:5      | Entered Level 5 of the Dungeon
  3495 | D:5      | Found Hamamoj's Food Shop.
  3505 | D:5      | Reached skill level 4 in Maces & Flails
  3570 | D:5      | Noticed a sky beast
  3842 | D:5      | Killed a sky beast
  3842 | D:5      | Reached XP level 7. HP: 34/61 MP: 6/6
  3957 | D:5      | Reached skill level 5 in Maces & Flails
  4012 | D:5      | Found a staircase to the Ecumenical Temple.
  4677 | D:5      | Reached skill level 5 in Armour
  4858 | D:6      | Found a hazy altar of Hepliaklqana.
  4932 | D:6      | Reached skill level 6 in Maces & Flails
  4934 | D:6      | Noticed Pikel
  4954 | D:6      | Killed Pikel
  4954 | D:6      | Reached skill level 7 in Maces & Flails
  4954 | D:6      | Reached skill level 5 in Dodging
  4954 | D:6      | Reached XP level 8. HP: 58/71 MP: 7/7
  5163 | D:6      | Found a white marble altar of Elyvilon.
  5163 | D:6      | Noticed Sigmund
  5173 | D:6      | Killed Sigmund
  5316 | D:6      | Reached skill level 8 in Maces & Flails
  5413 | D:6      | Found an ornate altar of the Wu Jian Council.
  6027 | D:7      | Reached XP level 9. HP: 79/79 MP: 8/8
  6324 | D:7      | Reached skill level 9 in Maces & Flails
  6328 | D:7      | Found a radiant altar of Vehumet.
  6660 | D:8      | Reached ***** piety under Trog
  7396 | D:8      | Found a burning altar of Makhleb.
  7607 | D:8      | Noticed Prince Ribbit
  7621 | D:8      | Killed Prince Ribbit
  7621 | D:8      | Reached skill level 10 in Maces & Flails
  8314 | D:9      | Reached XP level 10. HP: 60/90 MP: 9/9
  8596 | D:9      | Found a stormy altar of Qazlal.
  8634 | D:9      | Noticed a two-headed ogre
  8644 | D:9      | Killed a two-headed ogre
  9186 | D:9      | Reached skill level 11 in Maces & Flails
  9331 | D:9      | Got a smoking rapier
  9376 | D:9      | Identified the +8 rapier "Tazuhuig" {pierce, *Rage rElec
                  | rN+++} (You found it on level 9 of the Dungeon)
 10005 | D:9      | HP: 3/136 [yak (15)]
 10007 | D:9      | Mangled by a yak

Skill      XL: |  1  2  3  4  5  6  7  8  9 10 |
---------------+-------------------------------+-----
Axes           | 4 |  4.4
Fighting       | 4 5 6 7 8 9 |  9.6
Armour         | 3 4 5 6 8 9 |  9.0
Maces & Flails | 1 2 3 4 7 8 10 11 | 11.8
Dodging        | 3 4 5 6 7 8 |  8.5

Action                   |  1- 3 |  4- 6 |  7- 9 | 10-12 || total
-------------------------+-------+-------+-------+-------++-------
Melee: Hand axe          |    55 |       |       |       ||    55
       Headbutt          |     9 |    23 |    62 |    23 ||   117
       Mace              |    19 |   155 |   277 |   116 ||   567
Invok: Berserk           |     1 |     2 |     4 |     3 ||    10
  Use: Scroll            |       |       |    10 |       ||    10
 Stab: Distracted        |       |     1 |       |       ||     1
       Sleeping          |       |       |       |     1 ||     1
  Eat: Ration            |     1 |     1 |     3 |     1 ||     6
       Chunk             |       |     4 |     9 |     3 ||    16
Armor: Animal skin       |     4 |       |       |       ||     4
       Leather armour    |    17 |    42 |    75 |    22 ||   156
Dodge: Dodged            |    31 |   141 |   189 |   129 ||   490
